 Dungeon Sprint DCSS version 0.28.0-49-g6dfe1f597d (webtiles) character file.

Game seed: 12348306322182675120

8500000 Zeld the Intangible (level 27, -3/228 HPs)
             Began as a Djinni Monk on May 18, 2022.
             Was the Champion of Makhleb.
             Killed by divine providence
             ... invoked by an accursed
              (11 damage)
             ... in the Dungeon (Sprint VIII: "Arena of Blood").
             The game lasted 00:04:00 (85 turns).

Zeld the Intangible (Djinni Monk)                     Turns: 85, Time: 00:04:00

Health: -3/228     AC:  4    Str: 18    XL:     27
Gold:   0          EV: 31    Int: 15    God:    Makhleb [******] SH:  0 Dex: 19

rFire   + + .      SeeInvis .   g - +∞ Axe of Woe
rCold   x . .      Faith    .   (shield currently unavailable)
rNeg    . . .      Spirit   .   a - +0 robe
rPois   ∞          Reflect  .   (no helmet)
rElec   .          Harm     .   (no cloak)
rCorr   .          Rampage  .   (no gloves)
Will    ++...      NoTele   +   (boots unavailable)
Stlth   ++++++++++              (no amulet)
HPRegen 0.48/turn               (no ring)
MPRegen 0.00/turn               (no ring)

@: death channelling, flying
A: sickness immunity, fire resistance 2, cold vulnerability 1, float, innate
caster, HP casting, extra vitality 1
a: Renounce Religion, Minor Destruction, Lesser Servant of Makhleb, Major
Destruction, Greater Servant of Makhleb


You were in the Dungeon.
You worshipped Makhleb.
Makhleb was exalted by your worship.
You visited 1 branch

Inventory:

Hand Weapons
 g - the +∞ Axe of Woe (weapon)
   (You found it in the Dungeon)
Armour
 a - a +0 robe (worn)
Scrolls
 f - a scroll of blinking
Potions
 b - a potion of curing
 c - a potion of heal wounds
 d - a potion of haste
 e - a potion of berserk rage


   Skills:
 O Level 27 Fighting
 O Level 27 Short Blades
 O Level 27 Long Blades
 O Level 27 Axes
 O Level 27 Maces & Flails
 O Level 27 Polearms
 O Level 27 Staves
 O Level 27 Slings
 O Level 27 Bows
 O Level 27 Crossbows
 O Level 27 Throwing
 O Level 27 Armour
 O Level 27 Dodging
 O Level 27 Stealth
 O Level 27 Shields
 O Level 27 Unarmed Combat
 O Level 27 Spellcasting
 O Level 27 Invocations
 O Level 27 Evocations


You had 8 spell levels left.
You knew the following spells:

 Your Spells              Type           Power      Damage    Failure   Level
a - Foxfire               Conj/Fire      100%       2x1d9     0%          1
b - Blink                 Tloc           100%       N/A       0%          2
c - Swiftness             Air            79%        N/A       0%          3
d - Summon Guardian Gole  Hex/Summ       79%        N/A       0%          3
e - Summon Lightning Spi  Summ/Air       79%        N/A       0%          4
f - Manifold Assault      Tloc           79%        N/A       0%          5
g - Death Channel         Necr           39%        N/A       0%          6
h - Orb of Destruction    Conj           39%        9d11      1%          7
i - Spellforged Servitor  Conj/Summ      39%        N/A       1%          7
j - Lehudib's Crystal Sp  Conj/Erth      39%        10d10     1%          8
k - Summon Horrible Thin  Summ           39%        N/A       1%          8
l - Shatter               Erth           39%        3d31*     2%          9
m - Fire Storm            Conj/Fire      39%        8d10      2%          9
Your spell library was empty.

Dungeon Overview and Level Annotations

Branches:
Dungeon (1/1)

Altars:
Makhleb


Innate Abilities, Weirdness & Mutations

You are immune to sickness and miasma.
You are immune to poison.
Your flesh is very heat resistant. (rF++)
You are vulnerable to cold. (rC-)
You float through the air rather than walking.
You learn spells naturally, not from books.
Your magical power is your life essence.
You have superior vitality. (+4 MHP)


Message History

The bag of meat dies!
The fiery explosion engulfs the tyrant!!
The fiery explosion engulfs the tentacled monstrosity!
The tentacled monstrosity resists.
A glowing mist starts to gather... x2
Your spectral bag of meat hits the dread but does no damage.
The large abomination hits your spectral bag of meat!!!
Your spectral bag of meat is engulfed in blazing flames.
The tyrant completely misses your spectral meat berserker.
The air twists around and strikes your spectral meat berserker!!!
Your spectral meat berserker is destroyed!
Your spectral bag of meat hits the large abomination but does no damage.
The meat berserker hits your spectral large bag of meat with a +9 battleaxe.
The tyrant touches something!
You hear a shout!
The bag of meat hits your spectral bag of meat with a +9 war axe!!
You hear a shout!
Something hits your spectral bag of meat!
Your spectral bag of meat hits the bag of meat.
The dread calls on the powers of darkness!
The meat berserker convulses!
The bag of meat convulses! x3
Your body is wracked with pain!
* * * LOW HITPOINT WARNING * * *
The meat berserker convulses!
The bag of meat convulses! x4
The meat berserker convulses!
The bag of meat convulses!
The dread calls on the powers of darkness!
The bag of meat convulses!
The meat berserker convulses! x2
Your body is wracked with pain!
* * * LOW HITPOINT WARNING * * *
The bag of meat convulses! x3
Your spectral bag of meat hits the bag of meat.
Your spectral bag of meat drains the bag of meat.
The destroyer is engulfed in blazing flames.
The destroyer points at you and mumbles some strange words.
The destroyer blinks!
Your spectral bag of meat is engulfed in blazing flames.
The bag of meat hits your spectral bag of meat with a +9 war axe!! x2
The bag of meat hits something with a +9 war axe!
The accursed points at you and mumbles some strange words.
Something smites you!
You die... .. .. oX ). #X )# #oO LZ# o###Zo Z)###) )Zo)ZL###Zo.oMz )))ZZZXZoZZMo.. ....#XZZ))#2o.. . #_Z@ZZ# . #)ZZ§Z# oWMZZ_W§VZO

O☼§§Zo###ZZ§Wo)
)###)) LX###O
#.) ))# #)○ §X#
))


X) You could see 3 accurseds, 2 tentacled monstrosities, 3 tyrants, a destroyer,
a sculptor of flesh, 5 large abominations, 3 dreads, 4 meat berserkers, 12 bags
of meat, 14 friendly spectral bags of meat, 8 friendly spectral meat berserkers,
2 friendly spectral large bags of meat and 2 friendly spectral meat beasts.

Vanquished Creatures
  5 hell beasts (D)
  A wraith (D)
  20 vampire knights (D)
  47 ogres (D)
  13 two-headed ogres (D)
  2 liches (D)
  2 hydras (D)
  117 orcs (D)
  7 skeletal warriors (D)
214 creatures vanquished.

Vanquished Creatures (collateral kills)
  4 ogres (D)
  7 orcs (D)
11 creatures vanquished.

Vanquished Creatures (others)
  An ogre (D)
  2 two-headed ogres (D)
  10 orcs (D)
13 creatures vanquished.

Grand Total: 238 creatures vanquished

Notes
Turn   | Place    | Note
-------+----------+-------------------------------------------
     0 | D        | Found the +∞ Axe of Woe
     0 | D        | Zeld the Djinni Monk began the quest for the Orb.
     0 | D        | Reached XP level 1. HP: 20/20 MP: 0/0
     1 | D        | Noticed a meat berserker
     3 | D        | Noticed a bag of meat
     3 | D        | Noticed a bag of meat
     3 | D        | Noticed a bag of meat
     4 | D        | Became a worshipper of Makhleb the Destroyer
     4 | D        | Reached * piety under Makhleb
     4 | D        | Reached ** piety under Makhleb
     4 | D        | Noticed a bag of meat
     5 | D        | Noticed a bag of meat
     6 | D        | Killed a meat berserker
     6 | D        | Noticed a bag of meat
     6 | D        | Noticed a bag of meat
     6 | D        | Noticed a bag of meat
     7 | D        | Reached skill level 10 in Invocations
     7 | D        | Reached XP level 2. HP: 40/40 MP: 0/0
     7 | D        | Reached XP level 3. HP: 45/45 MP: 0/0
     7 | D        | Learned a level 1 spell: Foxfire
     7 | D        | Reached XP level 4. HP: 51/51 MP: 0/0
     7 | D        | Reached XP level 5. HP: 57/57 MP: 0/0
     7 | D        | Learned a level 2 spell: Blink
     7 | D        | Reached XP level 6. HP: 63/63 MP: 0/0
     7 | D        | Reached XP level 7. HP: 68/68 MP: 0/0
     7 | D        | Learned a level 3 spell: Swiftness
     7 | D        | Reached XP level 8. HP: 75/75 MP: 0/0
     7 | D        | Reached XP level 9. HP: 80/80 MP: 0/0
     7 | D        | Learned a level 3 spell: Summon Guardian Golem
     7 | D        | Reached XP level 10. HP: 86/86 MP: 0/0
     7 | D        | Reached XP level 11. HP: 92/92 MP: 0/0
     7 | D        | Learned a level 4 spell: Summon Lightning Spire
     7 | D        | Reached XP level 12. HP: 98/98 MP: 0/0
     7 | D        | Killed a bag of meat
     7 | D        | Noticed a meat berserker
     8 | D        | Reached skill level 10 in Axes
     8 | D        | Reached XP level 13. HP: 105/105 MP: 0/0
     8 | D        | Learned a level 5 spell: Manifold Assault
     8 | D        | Killed a bag of meat
     8 | D        | Noticed a bag of meat
     9 | D        | Killed a bag of meat
     9 | D        | Reached *** piety under Makhleb
     9 | D        | Killed a bag of meat
     9 | D        | Killed a bag of meat
    10 | D        | Reached XP level 14. HP: 117/117 MP: 0/0
    10 | D        | Killed a bag of meat
    10 | D        | Reached **** piety under Makhleb
    10 | D        | Noticed a bag of meat
    10 | D        | Noticed a meat berserker
    10 | D        | Noticed a meat berserker
    10 | D        | Noticed a bag of meat
    11 | D        | Reached skill level 15 in Armour
    11 | D        | Reached XP level 15. HP: 124/124 MP: 0/0
    11 | D        | Learned a level 6 spell: Death Channel
    11 | D        | Killed a meat berserker
    13 | D        | Reached skill level 15 in Axes
    13 | D        | Reached XP level 16. HP: 134/134 MP: 0/0
    13 | D        | Reached ***** piety under Makhleb
    13 | D        | Killed a meat berserker
    14 | D        | Reached skill level 27 in Dodging
    14 | D        | Reached XP level 17. HP: 145/145 MP: 0/0
    14 | D        | Learned a level 7 spell: Orb of Destruction
    14 | D        | Killed a meat berserker
    15 | D        | Reached skill level 15 in Spellcasting
    15 | D        | Noticed a meat berserker
    16 | D        | Noticed a large bag of meat
    17 | D        | Killed a meat berserker
    17 | D        | Killed a large bag of meat
    17 | D        | Reached ****** piety under Makhleb
    18 | D        | Reached XP level 18. HP: 157/157 MP: 0/0
    18 | D        | Noticed a meat berserker
    21 | D        | Noticed a large bag of meat
    21 | D        | Killed a large bag of meat
    22 | D        | Reached XP level 19. HP: 161/166 MP: 0/0
    22 | D        | Learned a level 7 spell: Spellforged Servitor
    22 | D        | Killed a meat berserker
    22 | D        | Noticed a meat berserker
    22 | D        | Noticed a meat berserker
    23 | D        | Killed a meat berserker
    23 | D        | Killed a meat berserker
    23 | D        | Noticed a meat berserker
    24 | D        | Reached skill level 27 in Axes
    24 | D        | Reached XP level 20. HP: 176/176 MP: 0/0
    24 | D        | Killed a meat berserker
    25 | D        | Noticed a large bag of meat
    26 | D        | Killed a large bag of meat
    26 | D        | Noticed an eight-headed meat hydra
    26 | D        | Noticed a meat berserker
    26 | D        | Noticed a meat berserker
    26 | D        | Noticed a meat berserker
    27 | D        | Reached skill level 27 in Fighting
    27 | D        | Reached skill level 27 in Armour
    27 | D        | Reached skill level 27 in Spellcasting
    27 | D        | Reached skill level 27 in Invocations
    27 | D        | Reached XP level 21. HP: 187/187 MP: 0/0
    27 | D        | Learned a level 8 spell: Lehudib's Crystal Spear
    27 | D        | Noticed a destroyer
    27 | D        | Killed a destroyer
    27 | D        | Killed a meat berserker
    27 | D        | Noticed a meat berserker
    28 | D        | Reached XP level 22. HP: 194/194 MP: 0/0
    28 | D        | Noticed a destroyer
    28 | D        | Killed a meat berserker
    28 | D        | Killed a meat berserker
    28 | D        | Killed a nine-headed meat hydra
    28 | D        | Noticed a meat berserker
    29 | D        | Reached skill level 10 in Maces & Flails
    29 | D        | Reached skill level 10 in Polearms
    29 | D        | Reached skill level 10 in Slings
    29 | D        | Reached skill level 10 in Bows
    29 | D        | Reached skill level 10 in Crossbows
    29 | D        | Reached skill level 10 in Throwing
    29 | D        | Noticed a destroyer
    29 | D        | Killed a destroyer
    29 | D        | Killed a meat berserker
    29 | D        | Noticed a meat berserker
    30 | D        | Reached XP level 23. HP: 201/201 MP: 0/0
    30 | D        | Learned a level 8 spell: Summon Horrible Things
    30 | D        | Killed a destroyer
    31 | D        | Reached skill level 15 in Short Blades
    31 | D        | Reached skill level 15 in Long Blades
    31 | D        | Reached skill level 15 in Staves
    31 | D        | Noticed a large bag of meat
    32 | D        | Reached skill level 15 in Maces & Flails
    32 | D        | Reached skill level 15 in Polearms
    32 | D        | Reached skill level 15 in Slings
    32 | D        | Reached skill level 15 in Bows
    32 | D        | Reached skill level 15 in Crossbows
    32 | D        | Reached skill level 15 in Throwing
    32 | D        | Reached XP level 24. HP: 208/208 MP: 0/0
    32 | D        | Noticed a destroyer
    33 | D        | Noticed a large bag of meat
    33 | D        | Noticed a large bag of meat
    34 | D        | Noticed a destroyer
    34 | D        | Killed a large bag of meat
    34 | D        | Killed a destroyer
    35 | D        | Reached XP level 25. HP: 214/214 MP: 0/0
    35 | D        | Learned a level 9 spell: Shatter
    35 | D        | Noticed a destroyer
    36 | D        | Killed a large bag of meat
    36 | D        | Noticed a large bag of meat
    36 | D        | Noticed a destroyer
    36 | D        | Noticed a destroyer
    37 | D        | Reached XP level 26. HP: 221/221 MP: 0/0
    37 | D        | Killed a destroyer
    37 | D        | Killed a large bag of meat
    37 | D        | Noticed a large bag of meat
    38 | D        | Killed a large bag of meat
    39 | D        | Reached XP level 27. HP: 228/228 MP: 0/0
    39 | D        | Learned a level 9 spell: Fire Storm
    39 | D        | Killed a destroyer
    39 | D        | Killed a destroyer
    41 | D        | Noticed a destroyer
    42 | D        | Killed a large bag of meat
    43 | D        | Reached skill level 27 in Shields
    43 | D        | Reached skill level 27 in Evocations
    43 | D        | Noticed a destroyer
    43 | D        | Killed a destroyer
    44 | D        | Reached skill level 27 in Short Blades
    44 | D        | Noticed a large bag of meat
    44 | D        | Noticed a destroyer
    44 | D        | Noticed a destroyer
    45 | D        | Reached skill level 27 in Staves
    45 | D        | Killed a destroyer
    45 | D        | Killed a large bag of meat
    45 | D        | Killed a destroyer
    45 | D        | Noticed a large bag of meat
    45 | D        | Noticed a large bag of meat
    46 | D        | Reached skill level 27 in Long Blades
    46 | D        | Noticed a destroyer
    46 | D        | Killed a destroyer
    46 | D        | Killed a destroyer
    47 | D        | Reached skill level 27 in Maces & Flails
    47 | D        | Reached skill level 27 in Polearms
    47 | D        | Reached skill level 27 in Slings
    47 | D        | Reached skill level 27 in Bows
    47 | D        | Reached skill level 27 in Crossbows
    47 | D        | Reached skill level 27 in Throwing
    47 | D        | Reached skill level 10 in Stealth
    47 | D        | Killed a large bag of meat
    47 | D        | Noticed a destroyer
    49 | D        | Reached skill level 27 in Unarmed Combat
    50 | D        | Reached skill level 27 in Stealth
    50 | D        | Noticed a destroyer
    51 | D        | Killed a destroyer
    52 | D        | Killed a destroyer
    52 | D        | Noticed a destroyer
    52 | D        | Noticed a destroyer
    57 | D        | Noticed a destroyer
    57 | D        | Noticed a tyrant
    59 | D        | Killed a destroyer
    59 | D        | Noticed a large bag of meat
    59 | D        | Noticed a large bag of meat
    60 | D        | Noticed a meat beast
    60 | D        | Killed a destroyer
    60 | D        | Noticed an accursed
    61 | D        | Noticed a destroyer
    61 | D        | Noticed a tyrant
    62 | D        | Noticed a destroyer
    63 | D        | Killed a destroyer
    63 | D        | Noticed a tyrant
    64 | D        | Noticed a meat beast
    64 | D        | Killed a tyrant
    64 | D        | Killed a meat beast
    65 | D        | Noticed a large bag of meat
    65 | D        | Noticed a large bag of meat
    66 | D        | Noticed a destroyer
    66 | D        | Killed a meat beast
    67 | D        | Noticed a meat beast
    67 | D        | Killed a tyrant
    67 | D        | Killed a destroyer
    67 | D        | Killed a destroyer
    69 | D        | Noticed a dread
    72 | D        | Killed a meat beast
    73 | D        | Noticed a meat beast
    73 | D        | Killed a large bag of meat
    73 | D        | Noticed an accursed
    74 | D        | Killed a destroyer
    74 | D        | Noticed a dread
    76 | D        | Noticed a meat beast
    77 | D        | Killed a meat beast
    77 | D        | Noticed a dread
    77 | D        | Noticed a dread
    77 | D        | Noticed a tyrant
    78 | D        | Killed a large bag of meat
    79 | D        | Noticed a meat beast
    79 | D        | Noticed a tyrant
    80 | D        | Killed a large bag of meat
    80 | D        | Killed a dread
    80 | D        | Noticed a destroyer
    81 | D        | Noticed an accursed
    82 | D        | Killed a large bag of meat
    83 | D        | Killed a meat beast
    85 | D        | Noticed a destroyer
    85 | D        | Killed a large bag of meat
    85 | D        | HP: 8/228 [??? (5)]
    85 | D        | Killed from afar by an accursed

Illustrated notes

Levels and vault maps discovered:
D:        meatsprint

Skill      XL: |  1  2  3  4  5  6  7  8  9 10 11 12 13 14 15 16 17 18 19 20 21 22 23 24 25 26 27 |
---------------+----------------------------------------------------------------------------------+-----
Fighting       | 13 14 16 17 18 20 23 25 27 | 27.0
Axes           | 9 10 12 13 15 18 22 25 27 | 27.0
Armour         | 11 12 14 15 17 18 21 23 25 27 | 27.0
Dodging        | 18 20 24 26 27 | 27.0
Spellcasting   | 8 9 11 13 14 17 19 24 27 | 27.0
Invocations    | 10 11 14 16 18 21 22 25 27 | 27.0
Short Blades   | 9 14 17 20 22 23 27 | 27.0
Long Blades    | 8 13 16 19 21 22 27 | 27.0
Maces & Flails | 7 12 15 18 19 21 27 | 27.0
Polearms       | 7 12 15 18 19 21 27 | 27.0
Staves         | 8 13 16 19 21 22 27 | 27.0
Slings         | 7 12 15 18 19 21 27 | 27.0
Bows           | 7 12 15 18 19 21 27 | 27.0
Crossbows      | 7 12 15 18 19 21 27 | 27.0
Throwing       | 7 12 15 18 19 21 27 | 27.0
Shields        | 9 14 17 21 22 24 27 | 27.0
Evocations     | 9 14 17 21 22 24 27 | 27.0
Stealth        | 27 | 27.0
Unarmed Combat | 27 | 27.0

Action                   |  1- 3 |  4- 6 |  7- 9 | 10-12 | 13-15 | 16-18 | 19-21 | 22-24 | 25-27 || total
-------------------------+-------+-------+-------+-------+-------+-------+-------+-------+-------++-------
Melee: Executioner's axe |     1 |       |       |     1 |     5 |    12 |    15 |    25 |   148 ||   207
 Cast: Manifold Assault  |       |       |       |       |       |     5 |     5 |     7 |    39 ||    56
       Death Channel     |       |       |       |       |       |     1 |       |       |     1 ||     2
 Stab: Distracted        |       |       |       |       |       |       |       |       |     1 ||     1
Armor: Robe              |       |       |       |       |       |       |       |       |     1 ||     1
Dodge: Dodged            |       |       |       |       |       |       |       |       |     6 ||     6
